 Dungeon Crawl Stone Soup version 0.26-a0-639-g72c4674329 (webtiles) character file.

Game seed: 3704421436611720412

7755 Apogee the Grappler (level 11, -15/103 HPs)
             Began as a Troll Hunter on Sept 24, 2020.
             Was a High Priest of Hepliaklqana.
             Demolished by a polar bear (27 damage)
             ... in an ice cave on Sept 25, 2020.
             The game lasted 00:20:18 (9681 turns).

Apogee the Grappler (Troll Hunter)                  Turns: 9681, Time: 00:20:19

Health: -15/103    AC:  8    Str: 20    XL:     11   Next: 0%
Magic:  10/10      EV:  8    Int: 12    God:    Hepliaklqana [*****.]
Gold:   721        SH:  9    Dex: 10    Spells: 9/10 levels left

rFire    + . .     SeeInvis .     - Unarmed
rCold    + . .     Faith    .   r - +0 kite shield
rNeg     . . .     Spirit   .   Q - +0 troll leather armour
rPois    .         Reflect  .   A - +0 hat
rElec    .         Harm     .   H - scarf {rC+ rF+}
rCorr    .         Rampage  .   (gloves unavailable)
MR       .....     Clarity  +   (boots unavailable)
Stlth    +.........             e - amulet of magic regeneration
HPRegen  1.07/turn              q - ring of flight
MPRegen  0.37/turn              (no ring)

@: no status effects
A: large, unfitting armour, reduced essence, claws 3, blink, clarity, clever 1,
regeneration 1, shaggy fur 1, tough skin 3, weak 1
a: Blink, Recall Ancestor, Ancestor Identity, Transference, Idealise, Renounce
Religion, Evoke Flight


You were in an ice cave.
You worshipped Hepliaklqana.
Hepliaklqana was extremely pleased with you.
You visited 1 branch of the dungeon, and saw 11 of its levels.
You also visited: Sewer and Ice Cave.

You collected 763 gold pieces.
You spent 42 gold pieces at shops.

Inventory:

Hand Weapons
 a - the +2 Maxwell's thermic engine {flame, freeze}
   (You found it on level 5 of the Dungeon)

   It has been specially enchanted to burn those struck by it, causing extra
   injury to most foes and up to half again as much damage against particularly
   susceptible opponents.
   Big, fiery blades are also staple armaments of hydra-hunters.
   It has been specially enchanted to freeze those struck by it, causing extra
   injury to most foes and up to half again as much damage against particularly
   susceptible opponents.
 P - the +3 flail "Pefrogar" {vorpal, rPois rF+ rC+ SInv}
   (You found it on level 9 of the Dungeon)

   It inflicts extra damage upon your enemies.
   It protects you from fire.
   It protects you from cold.
   It protects you from poison.
   It lets you see invisible.
Missiles
 f - 314 stones
 p - 8 large rocks (quivered)
 D - 6 throwing nets {!f}
Armour
 b - a +2 tower shield
   (You found it on level 9 of the Dungeon)
 r - a +0 kite shield (worn)
   (You took it off a kobold on level 3 of the Dungeon)
 A - a +0 hat (worn)
   (You found it on level 4 of the Dungeon)
 H - a scarf of resistance (worn)
   (You found it on level 6 of the Dungeon)
 Q - a +0 troll leather armour (worn)
   (You found it on level 9 of the Dungeon)
Jewellery
 e - an amulet of magic regeneration (around neck)
   (You found it on level 6 of the Dungeon)
 j - an uncursed ring of positive energy {unknown}
   (You found it on level 7 of the Dungeon)
 q - a ring of flight (left claw)
   (You found it on level 3 of the Dungeon)
 G - an uncursed ring of fire
   (You found it on level 5 of the Dungeon)
 S - an uncursed ring of ice {unknown}
   (You found it on level 9 of the Dungeon)
Wands
 c - a wand of disintegration (11)
   (You found it on level 2 of the Dungeon)
 d - a wand of iceblast (9)
   (You found it on level 3 of the Dungeon)
 u - a wand of paralysis (9)
   (You found it on level 8 of the Dungeon)
 v - a wand of digging (2)
   (You took it off Psyche on level 8 of the Dungeon)
 x - a wand of enslavement (5)
   (You found it on level 3 of the Dungeon)
Scrolls
 g - 8 scrolls of teleportation {@r4}
 i - a scroll of amnesia {unknown}
 l - 4 scrolls of enchant weapon
 m - a scroll of immolation {unknown}
 n - a scroll of enchant armour {unknown}
 s - a scroll of acquirement {unknown}
 w - 2 scrolls of noise {unknown}
 y - a scroll of blinking {unknown}
 C - 2 scrolls of fog {unknown}
 E - 3 scrolls of fear {unknown}
 I - 5 scrolls of remove curse {@r2}
 J - a scroll of magic mapping {unknown}
 K - 2 scrolls of torment {unknown}
 N - 2 scrolls of identify {@r1}
Potions
 h - 4 potions of stabbing
 k - a potion of mutation {!q}
 o - a potion of cancellation {unknown}
 t - 2 potions of heal wounds {@q2}
 z - 3 potions of flight {unknown}
 B - 2 potions of might {unknown}
 F - a potion of brilliance
 L - 2 potions of berserk rage {unknown}
 M - 3 potions of magic
 O - a potion of curing {@q1}
 R - 2 potions of ambrosia {unknown}


   Skills:
 * Level 9.0 Fighting
 + Level 7.7 Throwing
 - Level 1.5 Dodging
 - Level 0.3 Stealth
 * Level 4.3 Shields
 + Level 9.8 Unarmed Combat


You had 9 spell levels left.
You knew the following spells:

 Your Spells              Type           Power        Failure   Level
c - Apportation           Tloc           #.....       71%         1

Your spell library contained the following spells:

 Spells                   Type           Power        Failure   Level
 Animate Skeleton         Necr           #.....       71%         1
 Corona                   Hex            #......      71%         1
 Summon Small Mammal      Summ           #...         71%         1


Dungeon Overview and Level Annotations

Branches:
Dungeon (11/15)            Temple (0/1) D:4            Lair (0/6) D:9
  Sewer (visited)           IceCv (1/1)
    Orc: D:9-12

Altars:
Ashenzari
Dithmenos
Gozag
Hepliaklqana
Kikubaaqudgha
Okawaru
Sif Muna
Trog

Shops:
D:4 ?   D:10 [

Annotations:
D:8 3 runed translucent doors, p0werm0de's ghost, novice MiFi
D:10 2 transporters


Innate Abilities, Weirdness & Mutations

You are too large for most types of armour.
You have claws for hands.
Your natural rate of healing is unusually fast.
You are covered in fur. (AC +1)
You have extremely tough skin. (AC +3)
Your life essence is reduced to manifest your ancestor. (-10% HP)
You can translocate small distances at will.
You possess an exceptional clarity of mind.
Your mind is acute. (Int +2)
You are weak. (Str -2)


Message History

The polar bear goes berserk!
You block the wolf's attack.
Unknown command.
You claw the polar bear! The polar bear bites you!
The polar bear claws you but does no damage. x2
You block the wolf's attack.
Unknown command.
You closely miss the polar bear. The wolf completely misses you.
The polar bear bites you!!
* * * LOW HITPOINT WARNING * * *
You block the polar bear's attack.
The polar bear claws you but does no damage.
The wolf bites you.
* * * LOW HITPOINT WARNING * * *
The polar bear barely misses you.
The polar bear claws you but does no damage.
The polar bear completely misses you.
You are too injured to fight recklessly!
You barely miss the polar bear. You block the wolf's attack.
You block the polar bear's attack.
The polar bear claws you but does no damage.
You block the polar bear's attack.
The polar bear rages.
You block the wolf's attack. You block the wolf's attack.
The polar bear bites you.
* * * LOW HITPOINT WARNING * * *
The polar bear claws you but does no damage.
You block the polar bear's attack. The wolf barely misses you.
Okay, then.
Throwing (i - inventory. (/) - cycle)
p - 10 large rocks (quivered)
Aim: a polar bear (almost dead, berserk)
You throw a large rock.
The large rock closely misses the polar bear.
You block the wolf's attack. The polar bear bites you!!
* * * LOW HITPOINT WARNING * * *
You block the polar bear's attack. The polar bear closely misses you.
You block the wolf's attack. The polar bear closely misses you.
The polar bear claws you but does no damage. x2
The wolf bites you but does no damage.
Throwing (i - inventory. (/) - cycle)
p - 9 large rocks (quivered)
Aim: a polar bear (almost dead, berserk)
You throw a large rock.
The large rock barely misses the polar bear.
The large rock hits the polar bear!
You block the polar bear's attack.
The polar bear claws you but does no damage.
The polar bear closely misses you. The wolf bites you.
* * * LOW HITPOINT WARNING * * *
The polar bear barely misses you. The polar bear closely misses you.
The polar bear claws you but does no damage.
You block the wolf's attack. The polar bear bites you!!
You die...

#####
###..(##
#...hhh#
#...##@.#
#...##...#
...####..##
.. ##...# .
#....#
##..∩#
#∩..##
#####


You could see 2 polar bears and a wolf.

Vanquished Creatures
  A two-headed ogre (D:10)
  Psyche (D:8)
  A troll (D:9)
  A hippogriff (D:8)
  A wyvern (D:10)
  A water moccasin (D:5)
  A hornet zombie (D:10)
  3 phantoms
  2 ogres
  An ice beast (D:5)
  A necrophage (D:6)
  3 centaurs
  6 wolves
  2 bullfrogs
  A gnoll sergeant (D:10)
  A wyvern skeleton (D:11)
  2 scorpions
  6 killer bees (D:7)
  5 wights
  A howler monkey (D:5)
  A bullfrog zombie (D:8)
  2 hounds
  A jelly (D:7)
  A gnoll shaman (D:5)
  4 orc priests
  4 centaur skeletons
  An iguana (D:4)
  5 orc wizards
  A worker ant (D:5)
  10 gnolls
  7 adders
  3 river rats (Sewer)
  A shadow imp (D:5)
  7 white imps
  An ufetubus (D:9)
  An adder skeleton (D:8)
  2 worms
  A dart slug (D:2)
  7 leopard geckos
  22 orcs
  4 ball pythons
  5 giant cockroaches
  7 hobgoblins
  8 jackals
  5 quokkas
  14 bats
  7 frilled lizards
  11 goblins
  A jackal simulacrum (D:8)
  9 kobolds
  A leopard gecko skeleton (D:5)
  12 rats
207 creatures vanquished.

Vanquished Creatures (collateral kills)
  A two-headed ogre (D:10)
  Joseph (D:8)
  A hippogriff (D:9)
  2 yaks (D:10)
  Grum (D:8)
  A sky beast (D:6)
  A wolf (D:8)
  An ogre (D:10)
  A crocodile (D:8)
  2 bullfrogs
  A scorpion (D:7)
  8 wights
  3 killer bees (D:7)
  4 electric eels (D:8)
  A bullfrog zombie (D:7)
  A hound (D:6)
  A jelly (D:6)
  2 bullfrog skeletons
  3 worker ants
  A bullfrog simulacrum (D:8)
  A worker ant zombie (D:6)
  An adder (Sewer)
  3 gnolls
  A white imp (D:8)
  An ufetubus (D:8)
  An adder skeleton (D:6)
  A worm (D:3)
  A leopard gecko (D:5)
  4 orcs
  2 ball pythons (Sewer)
  4 giant cockroaches
  A hobgoblin (D:3)
  A quokka (D:5)
  2 frilled lizards
  A kobold (D:2)
  A quokka zombie (D:6)
63 creatures vanquished.

Vanquished Creatures (others)
  10 battlemagi
  An ancestor (D:4)
  A jackal (D:8)
12 creatures vanquished.

Grand Total: 282 creatures vanquished

Notes
Turn   | Place    | Note
-------+----------+-------------------------------------------
     0 | D:1      | Apogee the Troll Hunter began the quest for the Orb.
     0 | D:1      | Reached XP level 1. HP: 19/19 MP: 0/0
   109 | D:1      | Reached XP level 2. HP: 28/28 MP: 1/1
   111 | D:1      | Reached skill level 1 in Unarmed Combat
   403 | D:1      | Reached XP level 3. HP: 35/35 MP: 2/2
  1080 | D:2      | Found a hazy altar of Hepliaklqana.
  1087 | D:2      | Reached XP level 4. HP: 31/44 MP: 3/3
  1096 | D:2      | Found a bloodstained altar of Trog.
  1097 | D:2      | Found a shimmering blue altar of Sif Muna.
  1127 | D:2      | Became a worshipper of Hepliaklqana the Forgotten
  1504 | D:3      | Reached XP level 5. HP: 31/46 MP: 4/4
  1819 | D:3      | Reached * piety under Hepliaklqana
  1948 | D:3      | Learned a level 1 spell: Apportation
  2076 | D:3      | Reached XP level 6. HP: 38/54 MP: 5/5
  2415 | D:4      | Found a shattered altar of Ashenzari.
  2449 | D:4      | Found a staircase to the Ecumenical Temple.
  2461 | D:4      | Found Asany's Magic Scroll Shoppe.
  2469 | D:4      | Bought a scroll of teleportation for 42 gold pieces
  2903 | D:4      | Reached XP level 7. HP: 58/63 MP: 6/6
  3089 | D:5      | Entered Level 5 of the Dungeon
  3213 | D:5      | Reached skill level 5 in Unarmed Combat
  3351 | D:5      | Found a shadowy altar of Dithmenos.
  3380 | D:5      | Reached ** piety under Hepliaklqana
  3381 | D:5      | Remembered your ancestor Mage/CounterMage as a battlemage
  3401 | D:5      | Found the +2 Maxwell's thermic engine {flame, freeze}
  3465 | D:5      | Reached skill level 5 in Throwing
  3512 | D:5      | Found a glowing drain.
  3679 | Sewer    | Entered a sewer
  4141 | D:5      | Reached skill level 5 in Fighting
  4170 | D:5      | Reached XP level 8. HP: 53/72 MP: 7/7
  4236 | D:5      | Found an ancient bone altar of Kikubaaqudgha.
  5068 | D:6      | Reached XP level 9. HP: 62/81 MP: 8/8
  5645 | D:7      | HP: 3/82 [killer bee (4)]
  5648 | D:7      | Gained mutation: You can translocate small distances at
                  | will. [potion of mutation]
  5648 | D:7      | Gained mutation: You possess an exceptional clarity of
                  | mind. [potion of mutation]
  5648 | D:7      | Gained mutation: You are weak. (Str -2) [potion of
                  | mutation]
  5648 | D:7      | Gained mutation: Your mind is acute. (Int +2) [potion of
                  | mutation]
  5812 | D:7      | Reached *** piety under Hepliaklqana
  6471 | D:8      | Found an iron altar of Okawaru.
  6536 | D:8      | Noticed Joseph
  6550 | D:8      | Killed Joseph
  6687 | D:8      | Noticed Psyche
  6702 | D:8      | Killed Psyche
  6750 | D:8      | Noticed Grum
  6751 | D:8      | Reached skill level 1 in Shields
  6751 | D:8      | Reached XP level 10. HP: 92/93 MP: 9/9
  6832 | D:8      | Killed Grum
  7307 | D:8      | Reached **** piety under Hepliaklqana
  7336 | D:8      | Found a runed translucent gate.
  7336 | D:8      | Found a runed translucent gate.
  7336 | D:8      | Found a runed translucent gate.
  7347 | D:8      | Noticed p0werm0de's ghost (novice MiFi)
  7840 | D:9      | Found Qauguaq's Distillery.
  7928 | D:9      | Got a blackened flail
  7959 | D:9      | Found an opulent altar of Gozag.
  8032 | D:9      | Identified the cursed +3 flail "Pefrogar" {vorpal, rPois
                  | rF+ rC+ SInv} (You found it on level 9 of the Dungeon)
  8124 | D:9      | Found a staircase to the Lair.
  8689 | D:10     | Entered Level 10 of the Dungeon
  8704 | D:10     | Noticed a two-headed ogre
  8711 | D:10     | Killed a two-headed ogre
  8880 | D:10     | Noticed a catoblepas
  8881 | D:10     | Found a transporter.
  8881 | D:10     | Noticed a hell knight
  8983 | D:10     | Reached ***** piety under Hepliaklqana
  9152 | D:10     | Found a transporter.
  9161 | D:10     | Noticed a cyclops
  9246 | D:10     | Found Moggakho's Armour Boutique.
  9286 | D:10     | Noticed a two-headed ogre
  9301 | D:10     | Killed a two-headed ogre
  9613 | D:11     | Found a frozen archway.
  9651 | IceCv    | Entered an ice cave
  9668 | IceCv    | Reached XP level 11. HP: 75/103 MP: 10/10
  9681 | IceCv    | Demolished by a polar bear

Illustrated notes

Levels and vault maps discovered:
D:1:      mrwooster_arrival_statue, layout_loops_ring, chequers_arboretum,
          minmay_heptomino_w4
D:2:      layout_loops_ring, minitemple
D:3:      layout_loops_corners
D:4:      layout_basic, lemuel_round_altar, minmay_temple_entry_junction,
          serial_shops, shop, minmay_misc_feat_ornament
D:5:      layout_basic, kiku_gazebo_pond_becter, kennysheep_mini_moat,
          portal_sewer_entry_e
D:6:      layout_rooms
D:7:      minmay_chambers_of_sixes, layout_cave_pods,
          nemelex_xobeh_ov_fountains_minmay
D:8:      layout_gridville, serial_ice, serial_ice_e, serial_ice_h,
          serial_ice_f, serial_ice_j, gammafunk_ghost_necromancy,
          okawaru_trees_1, uniq_psyche, uniq_grum, uniq_joseph
D:9:      layout_layer_cave, lair_entry_dummy, serial_shops, shop, basic_altar,
          amethyst_killhole
D:10:     gammafunk_sealed_arena, layout_stronghold, serial_shops,
          nicolae_shop_behind_doors, kennysheep_path_1
D:11:     layout_loops_ring, portal_ice_cave_entry_pillars_2
IceCv:    ice_cave_caverns_03

Skill      XL: |  1  2  3  4  5  6  7  8  9 10 |
---------------+-------------------------------+-----
Unarmed Combat | 1 2 3 4 5 7 9 |  9.8
Fighting       | 2 3 4 5 6 7 9 |  9.0
Throwing       | 4 5 6 7 |  7.7
Shields        | 1 4 |  4.3
Dodging        | |  1.5
Stealth        | |  0.3

Action                   |  1- 3 |  4- 6 |  7- 9 | 10-12 || total
-------------------------+-------+-------+-------+-------++-------
Melee: Unarmed           |   132 |   144 |   281 |   129 ||   686
       Punch             |       |     1 |     9 |       ||    10
       Double sword      |       |       |     5 |       ||     5
Throw: Large rock        |       |     1 |       |     4 ||     5
       Stone             |       |       |     1 |     3 ||     4
Invok: Ancestor Life: Ba |       |       |     1 |       ||     1
       Ancestor Identity |       |       |     1 |       ||     1
       Recall Ancestor   |       |       |       |     1 ||     1
Evoke: Wand              |       |       |     2 |       ||     2
  Use: Potion            |       |       |    12 |     2 ||    14
       Scroll            |       |       |     6 |     1 ||     7
 Stab: Sleeping          |     4 |     1 |     2 |       ||     7
       Distracted        |       |     1 |     3 |     2 ||     6
Armor: Robe              |    71 |    37 |    80 |    14 ||   202
       Skin              |       |       |    12 |       ||    12
       Troll leather arm |       |       |       |    26 ||    26
Dodge: Dodged            |    78 |    77 |   127 |    42 ||   324
Block: Kite shield       |       |       |     1 |    63 ||    64

Table legend: (Time is in decaauts)
 A = Elapsed time spent in this place.
 B = Non-inter-level travel time spent in this place.
 C = Inter-level travel time spent in this place.
 D = Time resting spent in this place.
 E = Time spent auto-exploring this place.
 F = Levels seen in this place.
 G = Mean time per level.
                   A        B        C        D        E       F      G
               +--------+--------+--------+--------+--------+-----+--------+
         Total |   9637 |   9195 |    442 |    968 |   6361 |  13 |  741.3 |
       Dungeon |   9257 |   8815 |    442 |    938 |   6103 |  11 |  841.5 |
         Sewer |    351 |    351 |      0 |     30 |    251 |   1 |  351.0 |
      Ice Cave |     28 |     28 |      0 |      0 |      7 |   1 |   28.0 |
               +--------+--------+--------+--------+--------+-----+--------+

Top non-repeatable levels by time:
     D:5: 1220 daAuts
     D:8: 1176 daAuts
     D:7: 1042 daAuts
     D:9: 973 daAuts
    D:10: 901 daAuts
     D:3: 898 daAuts
     D:6: 810 daAuts
     D:1: 807 daAuts
     D:4: 738 daAuts
     D:2: 633 daAuts
   Sewer: 351 daAuts
    D:11: 55 daAuts
   IceCv: 28 daAuts
